 Dungeon Crawl Stone Soup version 0.17.0-28-g6e173f8 (webtiles) character file.

989 M4edhros the Slinger (level 8, 0/55 HPs)
             Began as an Octopode Wanderer on Nov 25, 2015.
             Slain by a centaur (7 damage)
             ... on level 5 of the Dungeon.
             The game lasted 00:04:02 (3395 turns).

M4edhros the Slinger (Octopode Wanderer)            Turns: 3395, Time: 00:04:02

Health: 0/55       AC:  1    Str: 14    XL:     8   Next: 18%
Magic:  8/8        EV: 11    Int: 11    God:
Gold:   140        SH:  0    Dex: 14    Spells: 0 memorised, 7 levels left

rFire  . . .     SeeInvis .     p - +4 quarterstaff (chaos)
rCold  . . .     Clarity  .     (shield currently unavailable)
rNeg   + . .     SustAt   .     (helmet restricted)
rPois  .         Gourm    .     (no amulet)
rElec  .         Spirit   .     n - ring of positive energy
rCorr  .         Warding  .     (no ring)
rMut   .         Stasis   .     (no ring)
MR     .....                    (no ring)
Stlth  ++........               (no ring)
                                (no ring)
                                (no ring)
                                (no ring)

@: not resistant to hostile enchantments, unstealthy
A: almost no armour, amphibious, 8 rings, constrict 8, camouflage 1, gelatinous
body 1
a: no special abilities


You were on level 5 of the Dungeon.
You were hungry.

You visited 1 branch of the dungeon, and saw 5 of its levels.

You collected 140 gold pieces.

Inventory:

Hand Weapons
 a - a +2 shortbow
 c - a +0 mace
 o - a +2 hunting sling of evasion
 p - a +4 quarterstaff of chaos (weapon)
Missiles
 b - 26 arrows
 f - 70 stones (quivered)
 u - 8 sling bullets
Armour
 q - a cursed +0 buckler
Jewellery
 n - a ring of positive energy (left tentacle)
Wands
 t - a wand of fireball (1)
Scrolls
 g - a scroll of recharging
 h - a scroll of remove curse
 k - 3 scrolls of fog
 l - a scroll of teleportation
Potions
 d - a potion of curing
Comestibles
 e - 2 bread rations
 i - 2 meat rations
 j - 2 beef jerkies
 s - a slice of pizza


   Skills:
 - Level 5.0 Fighting
 - Level 1.0 Maces & Flails
 + Level 8.6(8.7) Slings
 - Level 3.5 Bows
 - Level 1.0(5.4) Throwing
 - Level 1.1 Evocations


You had 7 spell levels left.
You didn't know any spells.

Dungeon Overview and Level Annotations

Branches:
Dungeon (5/15)
 Temple: D:4-7

Altars:
Dithmenos
Gozag
Makhleb
Nemelex Xobeh
Zin

Shops:
D:4 ?


Innate Abilities, Weirdness & Mutations

You cannot wear most types of armour.
You are amphibious.
You can wear up to eight rings at the same time.
You can use your tentacles to constrict eight enemies at once.
Your skin changes colour to match your surroundings (Stealth).
Your rubbery body absorbs attacks (AC +1).


Message History

The centaur shoots an arrow.
The arrow barely misses you.
The centaur unwields an uncursed shortbow.
The centaur misses you.
You barely miss the centaur. You squeeze the centaur!
The centaur is heavily wounded.
The centaur hits you. The centaur hits you!
You sock the centaur!
The centaur seems to speed up.
The centaur is almost dead.
The centaur hits you!
* * * LOW HITPOINT WARNING * * *
The centaur barely misses you. The centaur hits you!
* * * LOW HITPOINT WARNING * * *
You are too injured to fight recklessly!
You are too injured to fight recklessly!
Unknown command.
Drink which item? (? for menu, Esc to quit)
You feel better. The centaur hits you!
* * * LOW HITPOINT WARNING * * *
The centaur hits you!
You die...

##..#. ..
##..... #.
##...... ..
##....... #.
##........
.#
##.........
##.
##..........
##c#
#...........
###.@#
##..........
#....##
#..........
#...(.##
##.........
#...(..###
##........
#........#
##.......
#..(.....##
##......
#...(.....##
##....#
##..#......#
##..#.
##..#######
###..


You could see a centaur.

Vanquished Creatures
  Sigmund (D:4)
  Menkaure (D:4)
  A phantom (D:4)
  A giant frog (D:4)
  A scorpion (D:5)
  A giant frog zombie (D:4)
  3 hounds
  Crazy Yiuf (D:2)
  4 orc priests (D:5)
  3 orc wizards
  A worker ant (D:4)
  4 gnolls
  4 adders
  2 adder skeletons (D:4)
  A worm (D:4)
  4 giant geckos
  11 orcs (D:5)
  3 giant cockroaches
  5 goblins
  2 hobgoblins
  A quokka (D:5)
  5 bats
  2 giant newts
  A jackal skeleton (D:4)
  2 kobolds (D:1)
  3 rats
68 creatures vanquished.

Notes
Turn   | Place    | Note
--------------------------------------------------------------
     0 | D:1      | M4edhros the Octopode Wanderer began the quest for the Orb.
     0 | D:1      | M4edhros set off with: a +2 shortbow, 23 arrows, a +0 mace, a potion of curing, a bread ration
     0 | D:1      | Reached XP level 1. HP: 18/18 MP: 1/1
   111 | D:1      | Reached XP level 2. HP: 24/24 MP: 2/2
   582 | D:1      | Found a shadowy altar of Dithmenos.
   723 | D:2      | Reached XP level 3. HP: 29/29 MP: 3/3
  1093 | D:2      | Noticed Crazy Yiuf
  1099 | D:2      | Killed Crazy Yiuf
  1099 | D:2      | Reached XP level 4. HP: 24/35 MP: 4/4
  1315 | D:2      | Found a sparkling altar of Nemelex Xobeh.
  1318 | D:2      | You fall through a shaft for 2 floors!
  1351 | D:4      | Noticed a big kobold
  1351 | D:4      | Noticed a troll
  1351 | D:4      | Noticed an ogre
  1458 | D:4      | Found Biaqiphe's Magic Scroll Boutique.
  1570 | D:4      | Found an opulent altar of Gozag.
  1680 | D:4      | Reached XP level 5. HP: 34/39 MP: 5/5
  1705 | D:4      | Noticed a giant frog
  1710 | D:4      | Killed a giant frog
  1814 | D:4      | Noticed Menkaure
  1819 | D:4      | Killed Menkaure
  1819 | D:4      | Reached skill level 5 in Slings
  1819 | D:4      | Reached XP level 6. HP: 13/45 MP: 6/6
  2158 | D:4      | Found a burning altar of Makhleb.
  2170 | D:4      | Found a glowing silver altar of Zin.
  2170 | D:4      | Noticed an angel
  2170 | D:4      | Noticed Sigmund
  2171 | D:4      | Noticed a green death
  2176 | D:4      | Killed Sigmund
  2176 | D:4      | Reached skill level 6 in Slings
  2176 | D:4      | Reached XP level 7. HP: 37/50 MP: 7/7
  2274 | D:4      | Noticed a phantom
  2288 | D:4      | Killed a phantom
  2388 | D:5      | Entered Level 5 of the Dungeon
  2396 | D:4      | Reached skill level 7 in Slings
  2883 | D:5      | Reached skill level 8 in Slings
  2895 | D:5      | Reached XP level 8. HP: 14/55 MP: 8/8
  3395 | D:5      | Slain by a centaur

Action                   |  1- 3 |  4- 6 |  7- 9 || total
-------------------------+-------+-------+-------++-------
Melee: Mace              |     7 |       |       ||     7
       Quarterstaff      |       |    30 |    86 ||   116
 Fire: Shortbow          |    46 |       |       ||    46
       Hunting sling     |    10 |       |       ||    10
  Use: Scroll            |     4 |       |     3 ||     7
       Potion            |     1 |     4 |     2 ||     7
 Stab: Sleeping          |       |     5 |     3 ||     8
  Eat: Meat ration       |       |     1 |       ||     1
       Chunk             |       |       |     2 ||     2
